AoeStats
← Valstrax

Arena

510565903Analyzed
4v4 RM · 2d ago on Oct 1, 2026· 116m 53s· 8 players
Game mode
Random Map
Map size
Large (8 player)
Population
200
Speed
Normal
Resources
Standard
Victory
Conquest
Starting age
Dark Age
Ending age
Imperial Age
RankedLock teamsTeams togetherTeam positionsShared explorationLock speedFull tech treeHidden civsTurbo modeCheats
Victory
Defeat
🇨🇳 Khmer · China
1102
+15
🇨🇳 Khmer · China
1063
+17
🇮🇳 Turks · India
1059
+17
🇪🇸 Celts · Spain
1036
+19
🇨🇳 Huns · China
1094
-17
🇨🇱 Malians · Chile
1088
-17
🇷🇺 Burgundians · Russia
1081
-17
🇫🇷 Britons · France
1081
-17
Valstrax
11:08 Feudal Age
11:52 Loom
15:41 Castle Age
13:40 Horse Collar
13:52 Double-Bit Axe
17:25 Bow Saw
17:24 Heavy Plow
20:07 Wheelbarrow
23:58 Imperial Age
22:25 Fortified Wall
22:40 Padded Archer Armor
22:47 Treadmill Crane
23:24 Gold Mining
24:47 Gold Shaft Mining
26:29 Leather Archer Armor
30:21 Stone Mining
30:35 Heavy Camel Rider
31:26 Bloodlines
31:16 Husbandry
31:58 Scale Barding Armor
32:21 Hand Cart
33:15 Forging
33:47 Chain Barding Armor
35:50 Plate Barding Armor
42:15 Iron Casting
45:11 Blast Furnace
47:28 Ring Archer Armor
47:11 Loom
48:05 Conscription
57:19 Ballistics
61:08 Masonry
Ubric21
10:57 Feudal Age
15:21 Castle Age
13:18 Double-Bit Axe
13:21 Horse Collar
13:57 Double-Bit Axe
16:56 Heavy Plow
22:19 Gold Mining
23:31 Wheelbarrow
23:49 Stone Mining
24:26 Bow Saw
24:54 Gold Shaft Mining
25:55 Scale Mail Armor
26:06 Forging
25:56 Loom
26:27 Hand Cart
29:02 Imperial Age
26:52 Chain Mail Armor
26:32 Fletching
27:23 Stone Shaft Mining
30:12 Bodkin Arrow
30:41 Town Watch
31:25 Guilds
32:09 Conscription
32:39 Plate Mail Armor
32:44 Iron Casting
34:22 Chemistry
33:33 Masonry
33:45 Ballistics
34:08 Stronghold
37:03 Blast Furnace
35:31 Elite Woad Raider
38:43 Heavy Scorpion
39:40 Furor Celtica
39:47 Pikeman
40:12 Arson
40:37 Halberdier
47:29 Fortified Wall
51:40 Siege Engineers
74:18 Caravan
king vitt
0:31 Loom
14:54 Feudal Age
18:02 Castle Age
16:25 Double-Bit Axe
16:23 Horse Collar
16:54 Stone Mining
17:19 Gold Mining
18:42 Wheelbarrow
19:24 Bow Saw
19:19 Heavy Plow
26:10 Hand Cart
29:49 Imperial Age
28:07 Town Watch
29:41 Gold Shaft Mining
29:43 Stone Shaft Mining
29:36 Town Patrol
30:03 Ballistics
29:54 Fortified Wall
30:26 Scale Barding Armor
31:16 Crop Rotation
30:46 Elite Ballista Elephant
31:47 Conscription
32:33 Chemistry
32:04 Double Crossbow
32:37 Chain Barding Armor
32:29 Forging
33:33 Heavy Scorpion
34:21 Siege Engineers
34:55 Plate Barding Armor
34:56 Iron Casting
34:25 Husbandry
34:35 Bloodlines
33:46 Light Cavalry
35:09 Hoardings
35:40 Masonry
35:27 Hussar
36:51 Architecture
36:19 Murder Holes
39:17 Blast Furnace
61:42 Caravan
104:31 Capped Ram
106:09 Siege Ram
109:21 Coinage
111:07 Banking
aoc2020
10:58 Feudal Age
16:14 Castle Age
14:37 Double-Bit Axe
20:53 Wheelbarrow
20:56 Loom
24:11 Horse Collar
25:57 Heavy Plow
31:03 Imperial Age
29:53 Gold Mining
31:56 Gold Shaft Mining
33:49 Chemistry
36:12 Hand Cart
37:01 Light Cavalry
37:52 Bloodlines
38:53 Conscription
38:36 Husbandry
40:02 Ballistics
39:50 Siege Engineers
41:46 Forging
42:02 Pikeman
43:02 Scale Mail Armor
44:18 Iron Casting
44:25 Halberdier
46:24 Blast Furnace
46:01 Chain Mail Armor
49:06 Scale Barding Armor
48:25 Hussar
49:30 Arson
50:34 Chain Barding Armor
54:12 Crop Rotation
54:05 Double Crossbow
59:23 Plate Barding Armor
59:47 Fortified Wall
65:32 Stone Mining
67:58 Fletching
73:32 Caravan
83:42 Masonry
89:04 Architecture
96:52 Bodkin Arrow
108:07 Padded Archer Armor
109:56 Elite Skirmisher
111:17 Bracer
112:39 Leather Archer Armor
116:34 Ring Archer Armor
AngryKok
0:36 Loom
5:18 Double-Bit Axe
8:16 Wheelbarrow
8:45 Horse Collar
12:08 Feudal Age
13:16 Bow Saw
13:52 Heavy Plow
17:50 Castle Age
17:43 Hand Cart
27:24 Imperial Age
25:18 Cavalier
25:59 Husbandry
26:44 Forging
26:40 Scale Barding Armor
26:43 Husbandry
28:40 Iron Casting
29:08 Scale Mail Armor
32:24 Blast Furnace
31:44 Chain Barding Armor
33:03 Chemistry
32:47 Chain Barding Armor
32:37 Paladin
36:42 Plate Barding Armor
38:56 Ballistics
38:47 Fortified Wall
38:32 Murder Holes
38:18 Treadmill Crane
38:49 Masonry
39:29 Burgundian Vineyards
40:19 Conscription
40:00 Light Cavalry
41:13 Hussar
52:35 Two-Man Saw
52:07 Crop Rotation
52:20 Onager
59:26 Scale Mail Armor
58:53 Pikeman
59:34 Squires
59:20 Arson
61:25 Chain Mail Armor
61:05 Gold Mining
61:30 Halberdier
63:51 Fletching
81:45 Plate Mail Armor
83:32 Bodkin Arrow
91:23 Flemish Revolution
CharlesKap
11:01 Feudal Age
12:32 Town Watch
13:24 Wheelbarrow
16:16 Castle Age
14:24 Double-Bit Axe
15:49 Horse Collar
17:05 Gold Mining
18:46 Bow Saw
19:01 Fletching
19:12 Padded Archer Armor
19:04 Loom
20:45 Heavy Plow
23:56 Bodkin Arrow
24:16 Leather Archer Armor
23:44 Elite Skirmisher
25:35 Leather Archer Armor
26:45 Gold Shaft Mining
27:02 Ballistics
28:34 Fortified Wall
28:44 Masonry
31:32 Scale Mail Armor
34:20 Imperial Age
31:39 Treadmill Crane
31:56 Pikeman
33:26 Chain Mail Armor
33:17 Squires
34:26 Forging
36:03 Chemistry
35:36 Conscription
35:53 Ring Archer Armor
35:37 Stone Mining
36:19 Bracer
36:28 Halberdier
37:18 Murder Holes
38:35 Iron Casting
39:24 Architecture
39:51 Plate Mail Armor
38:51 Capped Ram
41:55 Two-Man Saw
41:47 Hand Cart
42:57 Blast Furnace
43:23 Siege Engineers
51:48 Yeomen
51:32 Warwolf
58:38 Onager
64:24 Scale Barding Armor
67:16 Caravan
73:00 Guilds
73:28 Elite Longbowman
76:20 Hoardings
86:20 Yeomen
88:36 Arson
Stardenburdenhardenbart
11:22 Feudal Age
12:11 Horse Collar
12:19 Double-Bit Axe
12:28 Gold Mining
20:44 Castle Age
19:42 Fletching
19:53 Padded Archer Armor
20:24 Bloodlines
20:40 Stone Mining
21:03 Loom
21:27 Heavy Plow
21:50 Bow Saw
22:57 Gold Shaft Mining
23:32 Wheelbarrow
24:58 Bodkin Arrow
25:19 Leather Archer Armor
25:33 Hand Cart
31:34 Thumb Ring
36:03 Imperial Age
37:07 Heavy Cavalry Archer
38:12 Parthian Tactics
38:13 Conscription
37:15 Elite Tarkan
37:56 Marauders
39:38 Husbandry
40:01 Bracer
39:34 Light Cavalry
43:26 Two-Man Saw
43:28 Guilds
44:15 Forging
44:11 Scale Barding Armor
43:36 Hussar
43:57 Cavalier
44:58 Paladin
67:51 Iron Casting
67:50 Chain Barding Armor
69:05 Plate Barding Armor
69:32 Blast Furnace
70:03 Scale Mail Armor
79:03 Elite Skirmisher
98:27 Squires
98:02 Pikeman
99:05 Halberdier
99:55 Arson
103:04 Chain Mail Armor
115:27 Caravan
GENIACO
7:28 Loom
10:04 Feudal Age
15:10 Castle Age
13:59 Double-Bit Axe
15:52 Horse Collar
24:37 Heavy Plow
25:57 Bow Saw
26:23 Sanctity
30:23 Wheelbarrow
29:37 Town Watch
32:23 Imperial Age
29:48 Gold Mining
30:38 Tigui
30:33 Fletching
30:57 Scale Barding Armor
31:03 Forging
31:56 Gold Shaft Mining
32:12 Masonry
32:24 Ballistics
32:30 Chain Barding Armor
33:30 Conscription
34:08 Iron Casting
33:19 Cavalier
34:01 Husbandry
34:12 Bloodlines
34:33 Farimba
38:06 Hoardings
38:19 Plate Barding Armor
38:38 Crop Rotation
38:31 Hand Cart
39:45 Sappers
44:01 Scale Mail Armor
47:16 Chemistry
46:47 Architecture
46:39 Light Cavalry
49:13 Town Patrol
54:47 Bodkin Arrow
63:36 Chain Mail Armor
70:52 Murder Holes
71:09 Fortified Wall
70:40 Treadmill Crane
72:33 Arson
80:55 Man-at-Arms
81:36 Squires
82:40 Long Swordsman
83:44 Two-Handed Swordsman
85:31 Champion
94:47 Plate Mail Armor
100:04 Pikeman
Connection lost

Rejoining the realm…

Still unreachable

The connection could not be restored.

Session expired

The server has moved on; the page needs a fresh start.